 Dungeon Crawl Stone Soup version 0.28.0-43-g3370ac3207 (webtiles) character file.

Game seed: 7303441764176717407

338 smarlow the Ogre Mage (level 6, -12/53 HPs)
             Began as an Ogre Conjurer on Mar 9, 2022.
             Killed by divine providence
             ... invoked by an orc priest
              (13 damage)
             ... on level 4 of the Dungeon.
             The game lasted 00:08:03 (3887 turns).

smarlow the Ogre Mage (Ogre Conjurer)               Turns: 3887, Time: 00:08:03

Health: -12/53     AC:  9    Str: 12    XL:     6   Next: 55%
Magic:  8/13       EV:  7    Int: 21    God:
Gold:   205        SH:  5    Dex:  7    Spells: 7/14 levels left

rFire   . . .      SeeInvis .   (no weapon)
rCold   . . .      Faith    .   q - +0 kite shield
rNeg    . . .      Spirit   .   i - +0 swamp dragon scales
rPois   +          Reflect  .   (helmet restricted)
rElec   .          Harm     .   j - +0 cloak
rCorr   .          Rampage  .   (gloves unavailable)
Will    .....                   (boots unavailable)
Stlth   +.........              (no amulet)
HPRegen 0.17/turn               (no ring)
MPRegen 0.13/turn               (no ring)

@: attractive, very slightly contaminated
A: large, unfitting armour, tough skin 1
a: no special abilities


You were on level 4 of the Dungeon.
You visited 1 branch of the dungeon, and saw 4 of its levels.

You collected 205 gold pieces.

Inventory:

Armour
 a - a +0 robe
 i - +0 swamp dragon scales (worn)
 j - a +0 cloak (worn)
 q - a +0 kite shield (worn)
Jewellery
 l - a +4 ring of protection
Scrolls
 b - 4 scrolls of identify {unknown}
 f - a scroll of amnesia {unknown}
 h - a scroll of fear {unknown}
 m - 2 scrolls of blinking {unknown}
 n - a scroll of holy word {unknown}
 o - a scroll of teleportation {unknown}
Potions
 k - a potion of heal wounds {unknown}
 p - a potion of mutation {unknown}


   Skills:
 + Level 1.4 Armour
 + Level 3.0 Dodging
 + Level 2.5 Stealth
 * Level 4.8 Spellcasting
 + Level 4.4 Conjurations


You had 7 spell levels left.
You knew the following spells:

 Your Spells              Type           Power      Damage    Failure   Level
a - Magic Dart            Conj           92%        1d7       11%         1
b - Searing Ray           Conj           46%        2d6       17%         2
c - Fulminant Prism       Conj/Hex       7%         3d7       95%         4

Your spell library contained the following spells:

 Spells                   Type           Power      Damage    Failure   Level
 Dazzling Flash           Conj/Hex       28%        N/A       63%         3
 Iskenderun's Mystic Bla  Conj/Tloc      14%        2d5       95%         4


Dungeon Overview and Level Annotations

Branches:
Dungeon (4/15)
 Temple: D:4-7

Altars:


Innate Abilities, Weirdness & Mutations

You are too large for most types of armour.
You have tough skin. (AC +1)


Message History

Beogh smites you!
* * * LOW HITPOINT WARNING * * *
The orc priest is attracted toward you.
Casting: Searing Ray (safe; 17% risk of failure)
Confirm with . or Enter, or press ? or * to list all spells.
Aiming: Searing Ray (safe; 17% risk of failure)
Press: ? - help, Shift-Dir - straight line, f/p - orc priest
Aim: an orc priest, wielding a +0 war axe and wearing a +0 leather armour (almost dead, 78% to hit)
Okay, then.
Aiming: Magic Dart (safe; 11% risk of failure)
Press: ? - help, Q - select action, (/) - cycle Shift-Dir - straight line, f/p - orc priest
Aim: an orc priest, wielding a +0 war axe and wearing a +0 leather armour (almost dead, 100% to hit)
You miscast Magic Dart.
You are very lightly contaminated with residual magic.
Nothing appears to happen.
The orc hits you but does no damage.
The orc priest hits you but does no damage. x2
Aiming: Magic Dart (safe; 11% risk of failure)
Press: ? - help, Q - select action, (/) - cycle Shift-Dir - straight line, f/p - orc priest
Aim: an orc priest, wielding a +0 war axe and wearing a +0 leather armour (almost dead, 100% to hit)
The magic dart hits the orc priest but does no damage.
The orc priest is almost dead.
You block the orc's attack. The orc priest closely misses you.
You block the orc priest's attack.
The orc priest mumbles some strange prayers to Beogh against you.
Beogh smites you!
* * * LOW HITPOINT WARNING * * *
Casting: Magic Dart (safe; 11% risk of failure)
Confirm with . or Enter, or press ? or * to list all spells.
Aiming: Searing Ray (safe; 17% risk of failure)
Press: ? - help, Shift-Dir - straight line, f - orc, p - orc priest
Aim: an orc, wielding a +0 hand axe and wearing a +0 leather armour (78% to hit)
The searing ray hits the orc!
You kill the orc!
The searing ray hits the orc!
You kill the orc! (Press . to maintain the ray.)
The orc priest calls down the wrath of Beogh upon you.
Beogh smites you!
You die...

..............#
..............#
..............#
..............#
.............##
.............#
............##
#.......oo..#
#......)))@##
##......####
######o<# ##.#
.# .. ..o ...
o..#


You could see 2 orc priests.

Vanquished Creatures
  A necrophage (D:4)
  2 orc priests
  A centaur skeleton (D:2)
  A jelly (D:4)
  Crazy Yiuf (D:2)
  Jessica (D:3)
  A gnoll (D:4)
  An adder (D:3)
  A worm (D:1)
  2 dart slugs (D:2)
  13 orcs
  5 ball pythons
  An endoplasm (D:2)
  4 giant cockroaches
  4 hobgoblins
  3 quokkas
  5 bats
  A frilled lizard (D:3)
  2 goblins (D:1)
  6 kobolds
  3 rats (D:3)
59 creatures vanquished.

Notes
Turn   | Place    | Note
-------+----------+-------------------------------------------
     0 | D:1      | smarlow the Ogre Conjurer began the quest for the Orb.
     0 | D:1      | Reached XP level 1. HP: 16/16 MP: 3/3
   338 | D:1      | Reached XP level 2. HP: 24/24 MP: 3/5
   614 | D:1      | Learned a level 2 spell: Searing Ray
  1344 | D:2      | Reached XP level 3. HP: 20/31 MP: 0/7
  2117 | D:2      | Found a runed translucent door.
  2118 | D:2      | Noticed Crazy Yiuf
  2193 | D:2      | Killed Crazy Yiuf
  2194 | D:2      | Reached XP level 4. HP: 39/39 MP: 5/9
  2397 | D:3      | Learned a level 4 spell: Fulminant Prism
  2451 | D:3      | Reached XP level 5. HP: 18/45 MP: 2/11
  2981 | D:3      | Found a faded altar of an unknown god.
  3221 | D:3      | Noticed Jessica
  3223 | D:3      | Killed Jessica
  3224 | D:3      | Reached skill level 1 in Armour
  3598 | D:4      | Noticed a black bear
  3630 | D:4      | Reached XP level 6. HP: 53/53 MP: 7/12
  3742 | D:4      | Noticed a necrophage
  3752 | D:4      | Killed a necrophage
  3885 | D:4      | HP: 1/53 [orc priest/divine providence (13)]
  3887 | D:4      | Killed from afar by an orc priest

Illustrated notes

Levels and vault maps discovered:
D:1:      dpeg_arrival_brainrot, layout_loops_ring
D:2:      layout_basic, uniq_crazy_yiuf_cottage
D:3:      layout_basic, ebering_ecumenical_altar_mist, serial_bayou_pond_d,
          uniq_jessica
D:4:      layout_cave_pods, hex_tiny, minmay_misc_feat_plants, uniq_sigmund

Skill      XL: |  1  2  3  4  5  6 |
---------------+-------------------+-----
Dodging        | 2 3 |  3.0
Spellcasting   | 3 4 |  4.8
Stealth        | 2 |  2.5
Conjurations   | 4 |  4.4
Armour         | 1 |  1.4

Action                   |  1- 3 |  4- 6 || total
-------------------------+-------+-------++-------
Melee: Unarmed           |     1 |     2 ||     3
       Punch             |     1 |       ||     1
 Cast: Magic Dart        |    49 |    51 ||   100
       Searing Ray       |     3 |    12 ||    15
  Use: Potion            |       |     5 ||     5
Armor: Robe              |     6 |       ||     6
       Swamp dragon scal |       |     9 ||     9
Dodge: Dodged            |    12 |     5 ||    17
Block: Kite shield       |       |     6 ||     6
